 Dungeon Crawl Stone Soup version 0.26-a0-1132-ge9770dfcb6 (webtiles) character file.

Game seed: 497510632914340560

32 sahdkjhfkaj the Ruffian (level 3, -1/33 HPs)
             Began as a Draconian Monk on Dec 20, 2020.
             Succumbed to Terence's poison
             ... on level 2 of the Dungeon.
             The game lasted 00:01:17 (1831 turns).

sahdkjhfkaj the Ruffian (Draconian Monk)            Turns: 1831, Time: 00:01:17

Health: -1/33      AC:  5    Str: 14    XL:     3   Next: 10%
Magic:  3/3        EV: 13    Int: 10    God:
Gold:   126        SH:  0    Dex: 13    Spells: 2/2 levels left

rFire    . . .     SeeInvis .     - Unarmed
rCold    . . .     Faith    .   (no shield)
rNeg     . . .     Spirit   .   (armour unavailable)
rPois    .         Reflect  .   (helmet restricted)
rElec    .         Harm     .   (no cloak)
rCorr    .         Rampage  .   (no gloves)
Will     .....                  (no boots)
Stlth    ++........             (no amulet)
HPRegen  0.11/turn              (no ring)
MPRegen  0.08/turn              (no ring)

@: lethally poisoned (-1 -> -30)
A: unfitting armour, cold-blooded, AC +5
a: no special abilities


You were on level 2 of the Dungeon.
You visited 1 branch of the dungeon, and saw 2 of its levels.

You collected 126 gold pieces.

Inventory:

Scrolls
 a - a scroll of teleportation {!r}
 b - a scroll of amnesia
 d - a scroll of immolation
 f - a scroll of fear
 g - a scroll of enchant weapon {unknown}
Potions
 c - a potion of flight


   Skills:
 + Level 3.8 Fighting
 - Level 2.6 Dodging
 - Level 1.7 Stealth
 * Level 3.9 Unarmed Combat


You had 2 spell levels left.
You didn't know any spells.
Your spell library was empty.

Dungeon Overview and Level Annotations

Branches:
Dungeon (2/15)

Altars:

Annotations:
D:2 Terence


Innate Abilities, Weirdness & Mutations

Your plain brown scales are hard. (AC +5)
You cannot fit into any form of body armour.
You are cold-blooded and may be slowed by cold attacks.


Message History

You hit Terence but do no damage.
Terence is heavily wounded.
* * * LOW HITPOINT WARNING * * *
You feel sick.
Terence hits you with a +0 short sword of venom.
* * * LOW HITPOINT WARNING * * *
You hit Terence but do no damage.
Terence is heavily wounded.
* * * LOW HITPOINT WARNING * * *
You feel sick. Terence hits you but does no damage.
You are more poisoned.
You closely miss Terence.
Terence is heavily wounded.
* * * LOW HITPOINT WARNING * * *
You feel very sick. Terence misses you.
You hit Terence but do no damage.
You tail-slap Terence, but do no damage.
Terence is heavily wounded.
You die...

.###.###.###.# #.#
....#.##.# #.# #..
.###.###.# #.# ##.#
.........# #.#
#.#####..# #.########
#.######## #.........
#.# #........#
#######.(. #.#
#.....##.# ##.# #.#
#..>..##.######### ##.
#.# #....@@..........#
## #.#
#.....##.#######.#####
#.# #.....##.# #.....)
#.# ###.####.# #######
#.###### #.# #.#
..##...# #.# #.#
.......#######.####.#
####................#
...............######


You could see Terence.

Vanquished Creatures
  An adder (D:2)
  A worm (D:2)
  3 goblins
  6 hobgoblins
  2 kobolds (D:1)
  2 bats (D:1)
  A frilled lizard (D:2)
  5 rats
21 creatures vanquished.

Notes
Turn   | Place    | Note
-------+----------+-------------------------------------------
     0 | D:1      | sahdkjhfkaj the Draconian Monk began the quest for the Orb.
     0 | D:1      | Reached XP level 1. HP: 19/19 MP: 1/1
   587 | D:1      | Reached XP level 2. HP: 26/26 MP: 2/2
  1284 | D:2      | Reached XP level 3. HP: 33/33 MP: 3/3
  1534 | D:2      | Noticed Terence
  1565 | D:2      | HP: 1/33 [poisoned by Terence]
  1830 | D:2      | HP: 1/33 [poisoned by Terence]
  1831 | D:2      | Succumbed to Terence's poison

Illustrated notes

Levels and vault maps discovered:
D:1:      dpeg_arrival_chambers_temple_mockup, layout_loops_cross
D:2:      layout_loops_ring, uniq_terence

Action                   || total
-------------------------++-------
Melee: Unarmed           ||    94
       Tailslap          ||    13
  Use: Scroll            ||     5
       Potion            ||     3
 Stab: Sleeping          ||     3
Armor: Skin              ||    19
Dodge: Dodged            ||    66

Table legend: (Time is in decaauts)
 A = Elapsed time spent in this place.
 B = Non-inter-level travel time spent in this place.
 C = Inter-level travel time spent in this place.
 D = Time resting spent in this place.
 E = Time spent auto-exploring this place.
 F = Levels seen in this place.
 G = Mean time per level.
                   A        B        C        D        E       F      G
               +--------+--------+--------+--------+--------+-----+--------+
         Total |   1825 |   1759 |     66 |    308 |   1236 |   2 |  912.5 |
       Dungeon |   1825 |   1759 |     66 |    308 |   1236 |   2 |  912.5 |
               +--------+--------+--------+--------+--------+-----+--------+

Top non-repeatable levels by time:
     D:2: 1004 daAuts
     D:1: 821 daAuts
